 Dungeon Crawl Stone Soup version 0.21.1-1-g345015f (webtiles) character file.

1082 garbagetei the Digger (level 8, -2/61 HPs)
             Began as a Gargoyle Earth Elementalist on Feb 7, 2018.
             Was an Initiate of Vehumet.
             Slain by an orc warrior
             ... wielding a +0 glaive
              (6 damage)
             ... on level 6 of the Dungeon.
             The game lasted 00:16:09 (6277 turns).

garbagetei the Digger (Gargoyle Earth Elementalist) Turns: 6277, Time: 00:16:11

Health: -2/61      AC: 24    Str: 13    XL:     8   Next: 30%
Magic:  7/16       EV:  2    Int: 17    God:    Vehumet [......]
Gold:   191        SH:  4    Dex: 10    Spells: 5/18 levels left

rFire    . . .     SeeInvis .   o - +2 dagger (venom)
rCold    . . .     Gourm    .   s - +0 buckler
rNeg     + + +     Faith    .   (armour currently unavailable)
rPois    ∞         Spirit   .   (helmet currently unavailable)
rElec    .         Reflect  .   (cloak currently unavailable)
rCorr    .         Harm     .   (gloves currently unavailable)
MR       .....     NoTele   +   (boots currently unavailable)
Stlth    ++........             (no amulet)
HPRegen  0.20/turn              (no ring)
MPRegen  0.15/turn              (no ring)

@: tree-form
A: negative energy resistance 1, petrification resistance, rot immunity, AC +5
a: Renounce Religion


You were on level 6 of the Dungeon.
You worshipped Vehumet.
Vehumet was noncommittal.
You were hungry.
You were a tree.
You visited 2 branches of the dungeon, and saw 7 of its levels.

You collected 191 gold pieces.

Inventory:

Hand Weapons
 b - a +0 club
 o - a +2 dagger of venom (weapon)
Missiles
 k - 67 stones (quivered)
Armour
 a - a +0 pair of boots (melded)
 s - a +0 buckler (worn)
 u - a +0 helmet (melded)
 w - a +0 cloak (melded)
 z - a +0 robe of resistance (melded)
 D - the +1 ring mail "Geykaat" {rF++ Dex+4}
   (You found it on level 4 of the Dungeon)

   It affects your dexterity (+4).
   It greatly protects you from fire.
Jewellery
 m - an uncursed ring of fire
 B - an uncursed ring of teleportation
Wands
 v - a wand of polymorph (7)
Scrolls
 c - a scroll of remove curse
 f - 4 scrolls of amnesia
 g - a scroll of enchant armour {unknown}
 h - a scroll of fear {unknown}
 j - 2 scrolls of teleportation
 l - a scroll of enchant weapon {unknown}
 q - a scroll of fog {unknown}
 x - a scroll of noise {unknown}
 y - a scroll of immolation {unknown}
 A - 2 scrolls of magic mapping
Potions
 i - 4 potions of flight
 n - a potion of brilliance
 p - 6 potions of curing
 r - 2 potions of lignification
 C - a potion of invisibility {unknown}
Books
 e - a book of Geomancy

   Spells                             Type                      Level
   a - Sandblast                      Earth                        1
   b - Passwall                       Transmutation/Earth          2
   c - Stone Arrow                    Conjuration/Earth            3
   d - Petrify                        Transmutation/Earth          4
   e - Lee's Rapid Deconstruction     Earth                        5
 t - a book of Minor Magic

   Spells                             Type                      Level
   a - Magic Dart                     Conjuration                  1
   b - Blink                          Translocation                2
   c - Call Imp                       Summoning                    2
   d - Slow                           Hexes                        2
   e - Conjure Flame                  Conjuration/Fire             3
   f - Mephitic Cloud                 Conjuration/Poison/Air       3
Comestibles
 d - 10 rations


   Skills:
 - Level 4.0 Armour
 - Level 1.5 Dodging
 - Level 2.1 Stealth
 + Level 3.2 Shields
 * Level 5.5 Spellcasting
 - Level 0.7 Transmutations
 * Level 7.6 Earth Magic


You had 5 spell levels left.
You knew the following spells:

 Your Spells              Type           Power        Failure   Level  Hunger
a - Sandblast             Erth           ####..       1%          1    None
b - Stone Arrow           Conj/Erth      ###...       9%          3    ##.....
c - Passwall              Tmut/Erth      ###.......   3%          2    #......
d - Blink                 Tloc           N/A          22%         2    #......
e - Lee's Rapid Deconstr  Erth           ####......   17%         5    ######.


Dungeon Overview and Level Annotations

Branches:
Dungeon (6/15)             Temple (1/1) D:5

Altars:
Ashenzari
Cheibriados
Dithmenos
Gozag
Hepliaklqana
Kikubaaqudgha
Makhleb
Nemelex Xobeh
Okawaru
Qazlal
Sif Muna
Trog
Uskayaw
Vehumet
Wu Jian
Xom


Innate Abilities, Weirdness & Mutations

You are resistant to torment.
((Your stone body is resilient. (AC +5)))
You are immune to poison.
You resist negative energy. (rN+)
((You are resistant to electric shocks. (rElec)))
((You can survive without breathing.))
You are immune to petrification.
You are immune to rotting.


Message History

Casting: Stone Arrow
Confirm with . or Enter, or press ? or * to list all spells.
Aiming: Stone Arrow
Press: ? - help, Shift-Dir - straight line, f/p - orc warrior
Aim: an orc warrior, wielding a glaive and wearing a chain mail (moderately wounded)
The stone arrow hits the orc warrior.
The orc warrior is severely wounded.
You are feeling hungry.
The orc warrior hits you from afar with a glaive!!
Ouch! That really hurt!
* * * LOW HITPOINT WARNING * * *
An orc priest comes into view. It is wielding a short sword.
Okay, then.
You turn into a tree.
Your +0 cloak melds into your body.
Your +0 helmet melds into your body.
Your +0 pair of boots melds into your body.
Your +0 robe of resistance melds into your body.
You feel hot and cold all over.
Your roots penetrate the ground.
The orc warrior hits you from afar with a glaive.
You die...

#.#+####.####..
#............#
#............#
.###............#
!................#
...##............+
.. #....(.......#
. #.o.o.o).....#
#.######♣....# #.
####### #.


You could see an orc warrior, an orc priest and an orc.

Vanquished Creatures
  Eustachio (D:5)
  Duvessa (D:4)
  A sky beast (D:6)
  A centaur (D:5)
  Dowan (D:4)
  5 wights (D:5)
  2 crimson imps (D:5)
  Crazy Yiuf (D:3)
  A hound (D:4)
  A centaur skeleton (D:3)
  Natasha (D:3)
  A worker ant (D:5)
  Robin (D:3)
  2 gnolls (D:5)
  3 adders (D:2)
  3 oozes
  4 worms
  6 dart slugs
  4 leopard geckos
  10 orcs
  2 ball pythons
  6 giant cockroaches
  16 goblins
  12 hobgoblins
  3 jackals (D:3)
  A quokka (D:2)
  6 bats
  11 frilled lizards
  6 kobolds
  4 rats
117 creatures vanquished.

Notes
Turn   | Place    | Note
-------+----------+-------------------------------------------
     0 | D:1      | garbagetei the Gargoyle Earth Elementalist began the quest for the Orb.
     0 | D:1      | Reached XP level 1. HP: 10/10 MP: 3/3
   245 | D:1      | Reached XP level 2. HP: 15/15 MP: 3/5
   254 | D:1      | Reached skill level 4 in Earth Magic
   659 | D:1      | Reached skill level 1 in Armour
   683 | D:1      | Reached XP level 3. HP: 17/19 MP: 4/6
  1495 | D:2      | Reached XP level 4. HP: 24/24 MP: 1/8
  1603 | D:2      | Learned a level 3 spell: Stone Arrow
  1606 | D:2      | Learned a level 2 spell: Passwall
  2039 | D:2      | Found a shimmering altar of Xom.
  2040 | D:2      | Found a shimmering altar of Xom.
  2048 | D:2      | Found a shimmering altar of Xom.
  2051 | D:2      | Found a shimmering altar of Xom.
  2054 | D:2      | Found a shimmering altar of Xom.
  2611 | D:3      | Reached skill level 5 in Earth Magic
  2707 | D:3      | Reached XP level 5. HP: 25/28 MP: 9/9
  2790 | D:3      | Noticed Natasha
  2799 | D:3      | Killed Natasha
  3388 | D:3      | Noticed Robin
  3394 | D:3      | Killed Robin
  3421 | D:3      | Found a runed door.
  3493 | D:3      | Found a deep blue altar of Sif Muna.
  3674 | D:3      | Noticed Crazy Yiuf
  3678 | D:3      | Killed Crazy Yiuf
  3678 | D:3      | Reached skill level 1 in Shields
  3678 | D:3      | Reached XP level 6. HP: 32/32 MP: 0/11
  3850 | D:4      | Noticed Duvessa
  3851 | D:4      | Noticed Dowan
  3903 | D:4      | Killed Duvessa
  3903 | D:4      | Reached skill level 6 in Earth Magic
  4025 | D:5      | Entered Level 5 of the Dungeon
  4066 | D:5      | Found a shattered altar of Ashenzari.
  4175 | D:5      | Reached XP level 7. HP: 33/36 MP: 11/13
  4287 | D:5      | Found a bloodstained altar of Trog.
  4389 | D:5      | Noticed Eustachio
  4483 | D:5      | Killed Eustachio
  4557 | D:5      | Found a staircase to the Ecumenical Temple.
  4563 | Temple   | Entered the Ecumenical Temple
  4590 | Temple   | Became a worshipper of Vehumet
  4742 | D:5      | Reached skill level 5 in Spellcasting
  4776 | D:5      | Reached skill level 7 in Earth Magic
  4979 | D:5      | Found an ornate altar of the Wu Jian Council.
  5042 | D:5      | Reached XP level 8. HP: 41/41 MP: 1/15
  5726 | D:4      | Killed Dowan
  6194 | D:4      | Learned a level 2 spell: Blink
  6200 | D:4      | Learned a level 5 spell: Lee's Rapid Deconstruction
  6223 | D:4      | Got a distressingly furry ring mail
  6234 | D:4      | Identified the +1 ring mail "Geykaat" {rF++ Dex+4} (You found it on level 4 of the Dungeon)
  6276 | D:6      | HP: 2/41 [orc warrior/glaive (23)]
  6277 | D:6      | Slain by an orc warrior

Skill      XL: |  1  2  3  4  5  6  7  8 |
---------------+-------------------------+-----
Earth Magic    | 4 5 6 7 |  7.6
Armour         | 1 2 3 4 |  4.0
Spellcasting   | 3 4 5 |  5.5
Shields        | 1 2 3 |  3.2
Dodging        | |  1.5
Stealth        | |  2.1
Transmutations | |  0.7

Action                   |  1- 3 |  4- 6 |  7- 9 || total
-------------------------+-------+-------+-------++-------
Melee: Unarmed           |    46 |    10 |       ||    56
       Club              |       |    70 |       ||    70
       Dagger            |       |    91 |    61 ||   152
 Cast: Sandblast         |    45 |    55 |    22 ||   122
       Stone Arrow       |       |     2 |    17 ||    19
  Use: Scroll            |       |     6 |     3 ||     9
       Potion            |       |       |     1 ||     1
 Stab: Sleeping          |     1 |     2 |       ||     3
  Eat: Chunk             |     2 |     9 |     4 ||    15
       Ration            |       |       |     1 ||     1
Armor: Robe              |    26 |    77 |    42 ||   145
Dodge: Dodged            |    44 |   136 |    59 ||   239
Block: Buckler           |       |    17 |    12 ||    29
